 Dungeon Crawl Stone Soup version 0.23-a0-310-gdcc7a32 (webtiles) character file.

5677 Dissent the Basher (level 10, 0/76 HPs)
             Began as a Mummy Fighter on Oct 12, 2018.
             Was an Initiate of Gozag.
             Splashed by a crimson imp's acid (10 damage)
             ... on level 10 of the Dungeon.
             The game lasted 00:17:41 (11922 turns).

Dissent the Basher (Mummy Fighter)                 Turns: 11922, Time: 00:17:41

Health: 0/76       AC: 17    Str: 22    XL:     10   Next: 47%
Magic:  13/13      EV: 18    Int:  9    God:    Gozag
Gold:   849        SH: 14    Dex: 14    Spells: 9/9 levels left

rFire    . . .     SeeInvis .   s - +0 morningstar (curse)
rCold    + + .     Gourm    .   n - +0 large shield
rNeg     + + +     Faith    .   e - +1 plate armour
rPois    ∞         Spirit   .   r - +0 helmet
rElec    .         Reflect  .   a - +0 cloak
rCorr    .         Harm     .   q - +2 pair of gloves {Dex+3}
MR       +....                  (no boots)
Stlth    ..........             g - amulet of the acrobat
HPRegen  0.22/turn              i - ring of protection from fire
MPRegen  0.13/turn              o - ring of protection from cold

@: no status effects
A: no food or potions, fire vulnerability, cold resistance 1, negative energy
resistance 3, torment resistance, unbreathing
a: Potion Petition, Call Merchant, Bribe Branch, Renounce Religion


You were on level 10 of the Dungeon.
You worshipped Gozag.
Gozag was pleased with you.
You were not hungry.

You visited 1 branch of the dungeon, and saw 10 of its levels.
You also visited: Sewer.

You collected 1652 gold pieces.
You spent 322 gold pieces at shops.
You paid 481 gold pieces to Gozag.

Inventory:

Hand Weapons
 s - a cursed +0 morningstar (weapon)
   (You took it off a wight on level 6 of the Dungeon)
Armour
 a - a +0 cloak (worn)
   (You took it off Maurice on level 7 of the Dungeon)
 e - a +1 plate armour (worn)
   (You found it on level 1 of the Dungeon)
 n - a +0 large shield (worn)
   (You found it on level 7 of the Dungeon)
 q - a +2 pair of gloves of dexterity (worn)
   (You bought it in a shop on level 8 of the Dungeon)
 r - a +0 helmet (worn)
   (You found it on level 9 of the Dungeon)
Jewellery
 g - an amulet of the acrobat (around neck)
   (You found it on level 3 of the Dungeon)
 i - a ring of protection from fire (left hand)
   (You found it on level 6 of the Dungeon)
 o - a ring of protection from cold (right hand)
   (You found it on level 7 of the Dungeon)
Wands
 c - a wand of disintegration (30)
   (You found it on level 9 of the Dungeon)
 d - a wand of iceblast (4)
   (You took it off Maurice on level 7 of the Dungeon)
 t - a wand of flame (12)
   (You found it on level 5 of the Dungeon)
 u - a wand of paralysis (7)
   (You found it on level 5 of the Dungeon)
 x - a wand of acid (11)
   (You found it on level 5 of the Dungeon)
Scrolls
 b - 4 scrolls of amnesia
 f - 6 scrolls of remove curse {@r2}
 h - a scroll of enchant armour
 j - a scroll of summoning
 k - a scroll of fog
 l - 5 scrolls of teleportation {@r4}
 m - a scroll of immolation {!r}
 p - 4 scrolls of identify {@r1}
 v - a scroll of enchant weapon {unknown}


   Skills:
 + Level 6.1 Fighting
 * Level 10.8 Maces & Flails
 - Level 3.2 Armour
 - Level 3.2 Dodging
 - Level 3.0 Shields
 - Level 4.1 Evocations


You had 9 spell levels left.
You didn't know any spells.
Your spell library contained the following spells:

 Spells                   Type           Power        Failure   Level  Hunger
 Freeze                   Ice            #...         100%        1    N/A
 Throw Frost              Conj/Ice       #.....       100%        2    N/A
 Ozocubu's Armour         Chrm/Ice       #.......     100%        3    N/A
 Summon Ice Beast         Ice/Summ       #.......     100%        4    N/A
 Throw Icicle             Conj/Ice       #.......     100%        4    N/A

Dungeon Overview and Level Annotations

Branches:
Dungeon (10/15)            Temple (0/1) D:5             Orc (0/2) D:9
   Lair: D:8-11

Altars:
Dithmenos
Gozag

Shops:
D:7 }   D:8 [=

Annotations:
D:3 2 transporters


Innate Abilities, Weirdness & Mutations

You do not eat or drink.
Your flesh is vulnerable to fire.
You are immune to poison.
Your flesh is cold resistant. (rC+)
You are immune to negative energy. (rN+++)
You are immune to unholy pain and torment.
You can survive without breathing.


Message History

The centaur shoots an arrow.
You block the arrow.
A hippogriff comes into view.
Found 18 gold pieces.
You see here an arrow.
The centaur shoots an arrow.
You block the arrow.
A crimson imp comes into view.
The crimson imp shouts!
You see here an arrow.
The centaur shoots an arrow.
The arrow barely misses you.
The centaur shoots an arrow.
The arrow hits you.
You see here an arrow.
The centaur shoots an arrow.
You block the arrow.
The crimson imp zaps a wand.
The bolt of acid hits you!
You are splashed with acid!
The acid burns!
It is a wand of acid (8).
You see here an arrow.
You are too injured to fight recklessly!
You block the hippogriff's attack. The hippogriff barely misses you.
The hippogriff misses you.
The centaur unwields an uncursed shortbow of freezing.
The centaur closely misses you.
Your plate armour prevents you from hitting the hippogriff.
The hippogriff bites you but does no damage.
The hippogriff pecks you but does no damage.
You block the hippogriff's attack. The centaur hits you.
Your shield and plate armour prevent you from hitting the hippogriff.
The centaur hits you.
The hippogriff bites you but does no damage.
You block the hippogriff's attack. The hippogriff barely misses you.
The centaur hits you.
The centaur hits you but does no damage.
You see here an arrow.
You see here an arrow.
The centaur wields an uncursed shortbow of freezing.
It is covered in frost.
The centaur shoots an arrow.
You block the arrow.
The crimson imp zaps a wand.
The bolt of acid hits you!
* * * LOW HITPOINT WARNING * * *
You are splashed with acid!
The acid burns!
* * * LOW HITPOINT WARNING * * *
You see here an arrow.
The centaur shoots an arrow.
You block the arrow.
Unknown command.
The crimson imp lashes its tail.
The crimson imp zaps a wand.
The bolt of acid hits you!
* * * LOW HITPOINT WARNING * * *
You are splashed with acid!
The acid burns!
You die...
Your body crumbles into a pile of gold.

$ #######################
#....H@................
#...c.......<..........
#......................
####'####.5....................
........(((((.....##########...
..................# #...
..................# #...
###..........>....# #... $
#.$.............# #...


You could see a hippogriff, a centaur and a crimson imp.

Vanquished Creatures
  Pikel (D:7)
  Maurice (D:7)
  Prince Ribbit (D:8)
  2 hippogriffs (D:10)
  3 hogs (D:7)
  Grum (D:7)
  Eustachio (D:4)
  A yak (D:7)
  A human (D:7)
  A water moccasin (D:7)
  A sky beast (D:10)
  3 slaves (D:8)
  An orc warrior (D:8)
  2 ice beasts (D:7)
  A necrophage (D:8)
  2 ogres
  2 phantoms
  2 wolves (D:7)
  3 centaurs
  4 bullfrogs
  A scorpion (D:5)
  4 killer bees (D:8)
  3 howler monkeys
  5 wights
  2 jellies
  5 crimson imps
  A quasit (D:7)
  5 hounds
  4 orc priests
  A centaur skeleton (D:8)
  3 bullfrog skeletons
  2 iguanas
  5 orc wizards
  4 worker ants
  A hound zombie (D:5)
  10 adders
  A howler monkey skeleton (D:8)
  4 river rats (Sewer)
  5 worms
  A dart slug (D:3)
  3 leopard geckos
  48 orcs
  6 bats
  8 giant cockroaches
  4 goblins
  9 hobgoblins
  6 jackals (D:5)
  8 kobolds
  9 quokkas
  8 ball pythons
  11 frilled lizards
  A leopard gecko skeleton (D:4)
  A quokka skeleton (D:4)
  15 rats
238 creatures vanquished.

Vanquished Creatures (others)
  A fungus (D:10)
  2 plants (D:10)
3 creatures vanquished.

Grand Total: 241 creatures vanquished

Notes
Turn   | Place    | Note
-------+----------+-------------------------------------------
     0 | D:1      | Dissent the Mummy Fighter began the quest for the Orb.
     0 | D:1      | Reached XP level 1. HP: 18/18 MP: 1/1
   261 | D:1      | Reached skill level 2 in Maces & Flails
   265 | D:1      | Reached XP level 2. HP: 23/24 MP: 2/2
  1080 | D:2      | Reached XP level 3. HP: 28/29 MP: 3/3
  1814 | D:3      | Found an opulent altar of Gozag.
  1825 | D:3      | Became a worshipper of Gozag Ym Sagoz the Greedy
  1874 | D:3      | Reached XP level 4. HP: 35/35 MP: 4/4
  1998 | D:3      | Reached skill level 3 in Maces & Flails
  2093 | D:3      | Found a transporter.
  2170 | D:3      | Found a shadowy altar of Dithmenos.
  2201 | D:3      | Reached XP level 5. HP: 35/41 MP: 5/5
  2243 | D:3      | Found a transporter.
  2806 | D:4      | Found a glowing drain.
  2849 | Sewer    | Entered a sewer
  3539 | D:4      | Reached skill level 4 in Maces & Flails
  3543 | D:4      | Reached XP level 6. HP: 16/47 MP: 6/6
  4365 | D:5      | Entered Level 5 of the Dungeon
  4455 | D:5      | Noticed Eustachio
  4660 | D:4      | Killed Eustachio
  4660 | D:4      | Reached skill level 5 in Maces & Flails
  4660 | D:4      | Reached XP level 7. HP: 16/54 MP: 7/7
  4985 | D:5      | Reached skill level 1 in Evocations
  5090 | D:5      | Found a staircase to the Ecumenical Temple.
  5762 | D:6      | Reached skill level 6 in Maces & Flails
  6349 | D:6      | Reached XP level 8. HP: 40/60 MP: 9/9
  6766 | D:6      | Got an ominously black robe
  6858 | D:6      | Reached skill level 7 in Maces & Flails
  7176 | D:7      | Got a brightly glowing ring mail
  7187 | D:7      | Identified the +3 ring mail of Hide-and-Seek {-Cast +Fly
                  | rElec rC-} (You found it on level 7 of the Dungeon)
  7481 | D:7      | Reached skill level 1 in Dodging
  7983 | D:7      | Reached skill level 8 in Maces & Flails
  7989 | D:7      | Reached XP level 9. HP: 41/65 MP: 11/11
  8010 | D:7      | HP: 1/65 [yak (3)]
  8565 | D:7      | Found Enlimp's Gadget Emporium.
  8679 | D:8      | Noticed Grum
  8773 | D:7      | Killed Grum
  8773 | D:7      | Reached skill level 9 in Maces & Flails
  8889 | D:8      | Noticed Prince Ribbit
  8895 | D:8      | Killed Prince Ribbit
  8895 | D:8      | Reached skill level 5 in Fighting
  9325 | D:8      | Found Rutiri's Jewellery Shop.
  9476 | D:8      | Noticed Maurice
  9481 | D:8      | Noticed Pikel
  9549 | D:7      | Killed Maurice
  9629 | D:7      | Killed Pikel
  9629 | D:7      | Reached skill level 10 in Maces & Flails
  9629 | D:7      | Reached XP level 10. HP: 38/74 MP: 11/13
  9987 | D:8      | Found Rutiri's Jewellery Shop.
 10625 | D:8      | Bought a +2 pair of gloves of dexterity for 322 gold pieces
 11319 | D:9      | Found a staircase to the Orcish Mines.
 11404 | D:10     | Entered Level 10 of the Dungeon
 11922 | D:10     | Splashed by a crimson imp's acid

Vault maps used:
D:1:      dpeg_arrival_rhombi
D:2:      first_ration, st_stairs_4
D:3:      gammafunk_wand_slinger, nicolae_dithmenos_through_a_glass_darkly,
          nicolae_gozag_seed_capital
D:4:      cheibrodos_sewer_entry_bend
D:5:      minmay_temple_entry_purple_smoke, uniq_eustachio
D:6:      st_stairs_14
D:7:      serial_shops, shop, grunt_livestock
D:8:      serial_shops, kennysheep_mini, hangedman_decor_push,
          uniq_prince_ribbit1, uniq_grum, uniq_maurice, uniq_pikel
D:9:      hiddenorc1_lemuel
D:10:     david_lair_generic
Sewer:    sewer_co_cracked_pipes

Skill      XL: |  1  2  3  4  5  6  7  8  9 10 |
---------------+-------------------------------+-----
Maces & Flails | 2 3 4 5 6 8 10 | 10.8
Armour         | 3 |  3.2
Shields        | 3 |  3.0
Fighting       | 4 5 6 |  6.1
Evocations     | 2 3 4 |  4.1
Dodging        | 2 3 |  3.2

Action                   |  1- 3 |  4- 6 |  7- 9 | 10-12 || total
-------------------------+-------+-------+-------+-------++-------
Melee: Flail             |   270 |   386 |   283 |       ||   939
       Morningstar       |       |       |   223 |   260 ||   483
Invok: Call Merchant     |       |       |       |     1 ||     1
Evoke: Wand              |       |    10 |     8 |       ||    18
  Use: Scroll            |     3 |     7 |       |     2 ||    12
 Stab: Distracted        |       |     4 |     1 |       ||     5
       Paralysed         |       |       |    17 |       ||    17
Armor: Plate armour      |   210 |   300 |   354 |   216 ||  1080
       Scale mail        |     4 |       |       |       ||     4
Dodge: Dodged            |    42 |    96 |    74 |    54 ||   266
Block: Shield            |   147 |   210 |   108 |       ||   465
       Large shield      |       |       |   273 |   262 ||   535

Table legend:
 A = Non-vault XP
 B = Vault XP
 C = Vault XP percentage of total XP
 D = Non-vault monster count
 E = Vault monster count
 F = Vault count percentage of total count
                 A         B        C        D         E       F
            +---------+---------+-------+---------+---------+-------
      Total |    4690 |    3421 |  42.2 |     180 |      55 |  23.4
            +---------+---------+-------+---------+---------+-------
        D:1 |      33 |       0 |   0.0 |      21 |       0 |   0.0
        D:2 |      37 |      17 |  31.5 |      20 |       3 |  13.0
        D:3 |     112 |       0 |   0.0 |      25 |       0 |   0.0
        D:4 |     265 |     202 |  43.3 |      17 |       2 |  10.5
        D:5 |     459 |       0 |   0.0 |      17 |       0 |   0.0
        D:6 |     583 |     122 |  17.3 |      15 |       1 |   6.2
        D:7 |     699 |    2495 |  78.1 |      22 |      10 |  31.2
        D:8 |     914 |     446 |  32.8 |      17 |      13 |  43.3
        D:9 |     576 |      55 |   8.7 |      15 |       5 |  25.0
       D:10 |    1012 |       0 |   0.0 |      11 |       0 |   0.0
      Sewer |       0 |      84 | 100.0 |       0 |      21 | 100.0
            +---------+---------+-------+---------+---------+-------
